 Dungeon Crawl Stone Soup version 0.29-a0-517-gbdf32494f2 (webtiles) character file.

Game seed: 7159224502043858921

24199 spiderkeys the Nimble (level 12, -2/60 HPs)
             Began as a Felid Abyssal Knight on May 28, 2022.
             Was the Champion of Lugonu.
             Slain by a harpy (15 damage)
             ... on level 6 of the Lair of Beasts on May 31, 2022.
             The game lasted 01:08:54 (20626 turns).

spiderkeys the Nimble (Felid Abyssal Knight)       Turns: 20626, Time: 01:08:55

Health: -2/60      AC:  3    Str: 17    XL:     12   Next: 78%
Magic:  19/19      EV: 28    Int: 15    God:    Lugonu [******]
Gold:   1357       SH:  0    Dex: 18    Spells: 1/11 levels left
                                        Lives:  0   Deaths: 2

rFire   + . .      SeeInvis +     - Unarmed
rCold   + . .      Faith    .   (shield unavailable)
rNeg    . . .      Spirit   .   (body armour unavailable)
rPois   .          Reflect  .   (helmet unavailable)
rElec   .          Harm     .   (cloak unavailable)
rCorr   .          Rampage  .   (gloves unavailable)
Will    +....                   (boots unavailable)
Stlth   +++++.....              g - amulet of regeneration
HPRegen 1.00/turn               y - ring "Opaenan" {rF+ Str+2 Slay+2}
MPRegen 0.16/turn               S - +6 ring of strength

@: studying Conjurations, quick
A: very small, claws 1, fangs 3, see invisible, speed 1, shaggy fur 3, stealthy
paws, no weapons or thrown items, no armour, multi-lived
a: Renounce Religion, Depart the Abyss, Bend Space, Banish, Corrupt, Enter the
Abyss


You were on level 6 of the Lair of Beasts.
You worshipped Lugonu.
Lugonu was exalted by your worship.
You visited 4 branches of the dungeon, and saw 20 of its levels.
You visited the Abyss 1 time.
You also visited: Sewer and Ice Cave.

You collected 1412 gold pieces.
You spent 55 gold pieces at shops.


Innate Abilities, Weirdness & Mutations

You have sharp claws.
You have razor-sharp teeth.
You have supernaturally acute eyesight. (SInv)
You cover ground quickly. (Speed+)
Your thick and shaggy fur keeps you warm. (AC +3, rC+)
Your paws help you pounce on unaware monsters.
You are incapable of wielding weapons or throwing items.
You cannot wear armour.
You gain extra lives every three experience levels.


   Skills:
 + Level 11.6 Fighting
 + Level 14.5 Dodging
 - Level 12.0 Stealth
 + Level 11.4 Unarmed Combat
 - Level 10.0 Hexes
 - Level 5.0 Transmutations
 - Level 3.0 Air Magic
 * Level 7.1 Earth Magic
 - Level 3.0 Poison Magic
 - Level 8.0 Invocations


You had one spell level left.
You knew the following spells:

 Your Spells              Type           Power      Damage    Failure   Level
b - Beastly Appendage     Tmut           30%        N/A       3%          1
e - Ensorcelled Hibernat  Hex/Ice        30%        N/A       5%          2
l - Lee's Rapid Deconstr  Erth           10%        3d9*      36%         5
p - Poisonous Vapours     Pois/Air       18%        N/A       12%         2

Your spell library contained the following spells:

 Spells                   Type           Power      Damage    Failure   Level
 Magic Dart               Conj           0%         1d3       26%         1
 Necrotize                Necr           0%         1d4       26%         1
 Summon Small Mammal      Summ           0%         N/A       26%         1
 Wereblood                Tmut           15%        N/A       5%          2
 Leda's Liquefaction      Hex/Erth       12%        N/A       8%          4
 Summon Guardian Golem    Hex/Summ       15%        N/A       11%         3
 Spider Form              Tmut/Pois      12%        N/A       16%         3
 Mephitic Cloud           Conj/Pois/Air  6%         N/A       34%         3
 Anguish                  Hex/Necr       7%         N/A       34%         4
 Fulminant Prism          Conj/Hex       7%         3d7       34%         4
 Searing Ray              Conj           0%         2d4       38%         2
 Sublimation of Blood     Necr           0%         N/A       38%         2
 Silence                  Hex/Air        9%         N/A       45%         5
 Olgreb's Toxic Radiance  Pois           9%         N/A       61%         4
 Call Canine Familiar     Summ           0%         N/A       63%         3
 Ozocubu's Armour         Ice            0%         N/A       63%         3
 Vampiric Draining        Necr           0%         2d6       63%         3
 Corpse Rot               Necr/Pois/Air  6%         N/A       75%         4
 Animate Dead             Necr           0%         N/A       95%         4
 Iskenderun's Mystic Bla  Conj/Tloc      0%         2d3       95%         4
 Passage of Golubria      Tloc           0%         N/A       95%         4
 Agony                    Necr           0%         N/A       100%        5
 Haunt                    Necr/Summ      0%         N/A       100%        7
 Ozocubu's Refrigeration  Ice            0%         4d5       100%        7
 Summon Hydra             Summ           0%         N/A       100%        7
 Ignition                 Fire           0%         3d3       100%        8
 Infestation              Necr           0%         N/A       100%        8
 Lehudib's Crystal Spear  Conj/Erth      5%         10d3      100%        8
 Portal Projectile        Hex/Tloc       Unusable   N/A       N/A         3

Inventory:

Jewellery
 g - an amulet of regeneration (around neck)
   (You found it on level 1 of the Dungeon)
 s - a +6 ring of strength
   (You found it on level 11 of the Dungeon)
 v - a ring of see invisible
   (You found it on level 3 of the Lair of Beasts)
 y - the ring "Opaenan" (left paw) {rF+ Str+2 Slay+2}
   (You found it on level 9 of the Dungeon)

   [ring of protection from fire]

   Str:       It affects your strength (+2).
   Slay:      It affects your accuracy & damage with ranged weapons and melee
   (+2).
   rF:        It protects you from fire.
 C - a ring of ice
   (You found it on level 3 of the Lair of Beasts)
 E - the ring of Vamuk {+Blink rPois Slay+4}
   (You found it on level 2 of the Lair of Beasts)

   [ring of slaying]

   Slay:      It affects your accuracy & damage with ranged weapons and melee
   (+4).
   rPois:     It protects you from poison.
   +Blink:    It lets you blink.
 F - a ring of protection from fire
   (You found it on level 1 of the Dungeon)
 P - a ring of poison resistance
   (You found it in an ice cave)
 S - a +6 ring of strength (right paw)
   (You found it on level 7 of the Dungeon)
 T - an amulet of faith {!P}
   (You found it on level 9 of the Dungeon)
Wands
 i - a wand of charming (8)
   (You found it on level 7 of the Dungeon)
 o - a wand of iceblast (5)
   (You took it off Maurice on level 8 of the Dungeon)
 p - a wand of flame (3)
   (You found it on level 5 of the Dungeon)
 A - a wand of digging (13)
   (You found it on level 10 of the Dungeon)
 H - a wand of polymorph (8)
   (You found it on level 2 of the Lair of Beasts)
 J - a wand of acid (3)
   (You found it on level 8 of the Dungeon)
 L - a wand of mindburst (5)
   (You found it on level 4 of the Lair of Beasts)
Scrolls
 d - 3 scrolls of vulnerability {!r!r}
 f - 5 scrolls of poison {!r}
 j - 6 scrolls of brand weapon
 k - 5 scrolls of enchant armour
 m - 3 scrolls of blinking {!r}
 t - 3 scrolls of magic mapping {!r}
 u - 4 scrolls of identify {@r1}
 w - 5 scrolls of teleportation {@r4}
 x - a scroll of enchant weapon
 D - 2 scrolls of fear
 I - a scroll of noise {!r}
Potions
 a - a potion of magic
 b - a potion of ambrosia
 c - 2 potions of heal wounds {@q2}
 e - 3 potions of berserk rage {!q}
 h - 6 potions of lignification {!q}
 l - a potion of might
 n - 13 potions of curing {@q1}
 r - 5 potions of resistance
 z - 6 potions of brilliance
 B - 2 potions of haste {@q3}
 G - 3 potions of attraction {!q}
Miscellaneous
 q - a condenser vane
   (You found it in an ice cave)

Dungeon Overview and Level Annotations

Branches:
Dungeon (12/15)            Temple (1/1) D:6            Lair (6/6) D:10
  Swamp (1/4) Lair:4       Spider (0/4) Lair:3        Slime (0/5) Lair:5
    Orc (0/2) D:10          Sewer (visited)           IceCv (visited)

Altars:
Ashenzari
Cheibriados
Fedhas
Gozag
Makhleb
Qazlal
Trog
Vehumet
Wu Jian
Xom
Yredelemnul
The Shining One
Beogh
Jiyva

Shops:
D:2 ?   D:3 *   D:6 ?

Annotations:
D:4 1 runed translucent door, SirDiesAlot's ghost, novice DEIE
Lair:2 3 runed translucent doors, Guvu Tong's ghost, journeyman MiBe

...P.............####.##
#...####....#.##..##...#####
......#.#....#####...P.....####
...............#............#.##
...............##..............##
.................................
..#............#.....#.....#.....
.###P..........#.......##..###...
..###....<....P.@.....###...###..
.###P...P......PPH.h.≈#P#P..###..
..##...........PP..§≈#.§§...≈#...
..........≈.≈≈≈P≈≈§≈§m§.....≈≈.≈≈
.#.....##..##≈≈≈#≈≈##D§##≈≈##≈P##
#....P## # #.≈#≈≈.#§§H##≈≈#P≈≈##
#.#...# ≈≈≈≈P.P≈≈≈PD§≈≈≈≈≈≈≈≈≈
.###<## ≈≈≈≈##≈≈≈#§§#P.≈≈#.≈≈≈
.....# ≈≈≈≈#≈≈≈≈.≈≈≈≈≈≈≈#≈≈##


You could see a merfolk avatar, a polar bear, a harpy and a steam dragon
(wandering).


Message History

You enter the shallow water.
Moving in this stuff is going to be slow.
You pounce on the unaware helpless rime drake!
You eviscerate the rime drake!!!!
You kill the rime drake!
Lugonu accepts your kill.
You enter the shallow water.
Moving in this stuff is going to be slow.
You enter the shallow water.
Moving in this stuff is going to be slow.
A wind drake comes into view.
A steam dragon comes into view.
Your unstable footing causes you to fumble your attack.
Your unstable footing causes you to fumble your attack.
Your unstable footing causes you to fumble your attack.
The helpless wind drake fails to defend itself.
You eviscerate the wind drake!!!!
You kill the wind drake!
Lugonu accepts your kill.
A polar bear comes into view.
You see here a wind drake corpse.
You enter the shallow water.
Moving in this stuff is going to be slow.
A merfolk avatar comes into view.
A snapping turtle comes into view.
The polar bear growls angrily.
The steam dragon hisses angrily.
The merfolk avatar shouts!
A harpy comes into view.
The merfolk avatar chants a haunting song.
You resist with some effort. The steam dragon misses you.
The steam dragon completely misses you.
The harpy moves out of view.
You hear an angry hiss.
The polar bear attacks as you move away!
The polar bear completely misses you. x2; The polar bear misses you.
The snapping turtle hisses angrily.
The steam dragon completely misses you. The steam dragon misses you.
You enter the shallow water.
Moving in this stuff is going to be slow.
The merfolk avatar chants a haunting song.
You are mesmerised by the merfolk avatar!
You cannot move away from the merfolk avatar!
You cannot move away from the merfolk avatar!
As you read the scroll of fog, it crumbles to dust.
The scroll dissolves into smoke.
The merfolk avatar chants its luring song.
The polar bear bites you. The polar bear completely misses you.
The polar bear closely misses you.
You hear a trumpeting! 😕 HP[-4]
You take 4 damage, and now have 56/60 hp.
The harpy screeches!
You claw the steam dragon!
You are no longer entranced.
You hear an angry growl.
The polar bear completely misses you. The polar bear misses you.
The polar bear completely misses you. The steam dragon breathes steam at you.
The ball of steam misses you.
You hear an angry hiss.
You hear a trumpeting! 😕 HP[+1]
The polar bear attacks as you move away!
The polar bear completely misses you. The polar bear misses you.
The polar bear closely misses you. The harpy claws you.
The harpy claws you! 😕 HP[-7]
You take 7 damage, and now have 50/60 hp.
The polar bear attacks as you move away!
The polar bear completely misses you. The polar bear misses you. x2
The fungus is engulfed in a cloud of scalding steam.
The fungus begins to die.
The harpy claws you. The harpy claws you! 😮 HP[-12]
You take 12 damage, and now have 38/60 hp.
The polar bear attacks as you move away!
The polar bear closely misses you. The polar bear barely misses you.
The polar bear claws you. The harpy claws you but does no damage.
The harpy claws you! 😮 HP[-7]
You take 7 damage, and now have 31/60 hp.
The harpy attacks as you move away! The harpy completely misses you. x2
A nearby fungus withers and dies.
The merfolk avatar chants a haunting song.
You are mesmerised by the merfolk avatar!
The harpy misses you. The harpy barely misses you. 😮 HP[+1]
You claw the polar bear!
You break out of your daze!
The harpy barely misses you. The harpy claws you!
* * * LOW HITPOINT WARNING * * *
The polar bear barely misses you. The polar bear misses you. x2 😨 HP[-8]
You take 8 damage, and now have 24/60 hp.
The harpy attacks as you move away! The harpy barely misses you.
The harpy completely misses you.
The merfolk avatar chants a haunting song.
You resist. The harpy claws you!
* * * LOW HITPOINT WARNING * * *
The harpy completely misses you. 😱 HP[-12]
You take 12 damage, and now have 12/60 hp.
The harpy claws you!
You die...

Skill      XL: |  1  2  3  4  5  6  7  8  9 10 11 12 13 |
---------------+----------------------------------------+-----
Invocations    | 2 3 4 5 6 7 8 |  8.0
Transmutations | 1 2 3 4 5 |  5.0
Dodging        | 4 5 6 7 8 10 11 12 14 | 14.5
Unarmed Combat | 3 4 5 6 7 8 10 11 | 11.4
Fighting       | 4 5 6 7 8 9 11 | 11.6
Stealth        | 3 5 7 9 11 12 | 12.0
Hexes          | 1 4 7 9 10 | 10.0
Poison Magic   | 2 3 |  3.0
Air Magic      | 3 |  3.0
Earth Magic    | 7 6 |  7.1

Action                   |  1- 3 |  4- 6 |  7- 9 | 10-12 | 13-15 || total
-------------------------+-------+-------+-------+-------+-------++-------
Melee: Unarmed           |   145 |   331 |   302 |   599 |   264 ||  1641
       Bite              |    10 |    28 |    46 |    89 |    39 ||   212
       Punch             |     3 |     7 |    18 |    33 |    22 ||    83
       Headbutt          |     2 |    20 |    54 |    30 |    22 ||   128
 Cast: Beastly Appendage |     4 |    23 |    28 |    22 |    11 ||    88
       Ensorcelled Hiber |       |       |     7 |   139 |    36 ||   182
       Poisonous Vapours |       |       |       |     4 |     4 ||     8
Invok: Bend Space        |       |     3 |     2 |    34 |    11 ||    50
       Banish            |       |     1 |     2 |    19 |     3 ||    25
Evoke: Wand              |       |       |     4 |    20 |     9 ||    33
  Use: Scroll            |     6 |     5 |     4 |    11 |     2 ||    28
       Potion            |       |     5 |     1 |     1 |     3 ||    10
 Stab: Sleeping          |     5 |     7 |    13 |    75 |    38 ||   138
       Distracted        |       |       |       |     1 |     1 ||     2
Armor: Skin              |     7 |    19 |     9 |    32 |     9 ||    76
Dodge: Dodged            |   124 |   280 |   234 |   763 |   246 ||  1647

Levels and vault maps discovered:
D:1:      dpeg_arrival_rooms_a, layout_basic
D:2:      kb_forest_paths, layout_basic, serial_shops, shop_fountains
D:3:      minmay_angry_zag, layout_rooms, serial_shops, shop, uniq_robin
D:4:      layout_gridville, hellmonk_ghost_happy_afterlife
D:5:      layout_loops_ring, lemuel_tele_altar,
          nicolae_overflow_quartered_altars, gup_sewer_entry_bubbles
D:6:      layout_layer_cave, minmay_temple_entry_antechambers, serial_shops,
          nicolae_shop_crystal, chequers_serial_rivers_large_b, st_stairs_6,
          minmay_misc_feat_iff, nicolae_water_bricks, kennysheep_cluttered_room,
          amethyst_killhole, dreamdust_gnoll_farm, uniq_menkaure
D:7:      layout_basic, gammafunk_temple_overflow_claw, roderic_lattice_a,
          kennysheep_boxes
D:8:      layout_loops_ring, minmay_circle_x, uniq_maurice, uniq_maggie
D:9:      minmay_the_grid_plus [minmay_the_grid_armoury,
          minmay_the_grid_odd_star, minmay_the_grid_all_tris,
          minmay_the_grid_minigrid_large,
          minmay_the_grid_prize_four_corners_diamond_b], layout_small_grid,
          grunt_qazlal_clouds
D:10:     layout_cave_pools, due_lair_maze_entry_diamond, david_orc_5,
          uniq_psyche
D:11:     layout_roguey, minivault_26, kennysheep_small_spiral,
          eino_small_chamber_without_monster
D:12:     nzn_winding_woodlands_three_and_one
          [nzn_winding_woodlands_5x15_default, nzn_winding_woodlands_5x15_cabin,
          nzn_winding_woodlands_5x15_twine,
          nzn_winding_woodlands_center_triple_pond], layout_stronghold,
          uniq_urug
Temple:   cyrus_circular_temple
Lair:1:   layout_concentric_octagons, fungi_pond_lemuel,
          nicolae_lair_run_with_the_wolves, grunt_megastairs_4, uniq_harold,
          uniq_amaemon
Lair:2:   layout_roguey, gammafunk_ghost_ooze, portal_ice_cave_rime,
          beast_lair_carwin_5
Lair:3:   layout_long_grid, spider_nest_entry_webs, lemuel_fruit_fields
Lair:4:   layout_regular_city, swamp_mist, lemuel_fruit_tree, grunt_megastairs_5
Lair:5:   layout_roguey, minmay_slime_entry_pillars, st_stairs_12,
          beast_lair_carwin_10
Lair:6:   gammafunk_lair_ancient_temple, layout_layer_cave
Swamp:1:  layout_basic_swamp, gammafunk_ghost_wrathful_warriors,
          hangedman_swamp_cone

Notes
Turn   | Place    | Note
-------+----------+-------------------------------------------
     0 | Abyss:1  | spiderkeys the Felid Abyssal Knight began the quest for the
                  | Orb.
     0 | Abyss:1  | Reached XP level 1. HP: 10/10 MP: 3/3
     0 | Abyss:1  | magus.rc [v1.11.3]
    14 | D:1      | You pass through the gate.
    14 | D:1      | Escaped the Abyss
   268 | D:1      | Reached skill level 2 in Invocations
   270 | D:1      | Reached XP level 2. HP: 14/14 MP: 4/4
   379 | D:1      | You pick up a book of Blood and begin reading...
   379 | D:1      | You add the spells Sublimation of Blood, Wereblood and
                  | Summon Hydra to your library.
   390 | D:1      | You pick up a book of Changes and begin reading...
   390 | D:1      | You add the spells Beastly Appendage and Spider Form to
                  | your library.
   393 | D:1      | Learned a level 1 spell: Beastly Appendage
   554 | D:1      | Reached *** piety under Lugonu
   810 | D:2      | Reached XP level 3. HP: 15/17 MP: 5/5
  1097 | D:2      | Found Woczituka's Magic Scroll Emporium.
  1254 | D:2      | Reached skill level 1 in Transmutations
  1305 | D:2      | HP: 3/17 [gnoll/+0 halberd (13)]
  1396 | D:2      | Reached skill level 4 in Dodging
  1526 | D:2      | Reached XP level 4. HP: 21/21 MP: 4/6
  2276 | D:3      | HP: 4/19 [orc wizard/magic dart (11)]
  2328 | D:2      | Reached XP level 5. HP: 23/24 MP: 8/8
  2354 | D:2      | Reached skill level 3 in Unarmed Combat
  2385 | D:3      | Reached skill level 2 in Transmutations
  2591 | D:3      | Reached **** piety under Lugonu
  2600 | D:3      | Noticed Robin
  2634 | D:3      | Killed Robin
  2635 | D:3      | Reached skill level 3 in Invocations
  2645 | D:3      | Reached skill level 4 in Fighting
  2785 | D:3      | HP: 3/25 [orc/+2 short sword of freezing (7)]
  2785 | D:3      | HP: 1/25 [orc/+2 short sword of freezing (2)]
  2789 | D:3      | Gained mutation: You are covered in thick fur. (AC +2)
                  | [Felid growth]
  2789 | D:3      | Reached XP level 6. HP: 22/28 MP: 4/9
  2921 | D:3      | Found Tanoi's General Store.
  3162 | D:3      | Bought a scroll of identify for 22 gold pieces
  3162 | D:3      | Bought a scroll of teleportation for 33 gold pieces
  3252 | D:4      | Found a runed translucent door.
  3314 | D:4      | HP: 2/28 [iguana (13)]
  3559 | D:4      | Noticed SirDiesAlot's ghost (novice DEIE)
  3951 | D:5      | Entered Level 5 of the Dungeon
  3964 | D:5      | Reached skill level 5 in Dodging
  4161 | D:5      | Found a glowing drain.
  4179 | Sewer    | Entered a sewer
  4216 | Sewer    | Noticed Pargi
  4236 | Sewer    | Killed Pargi
  4237 | Sewer    | Reached skill level 3 in Transmutations
  4317 | Sewer    | Reached XP level 7. HP: 18/33 MP: 8/10
  4343 | Sewer    | Identified a scroll of acquirement
  4343 | Sewer    | Acquired a manual of Conjurations
  4429 | D:5      | Identified the +10 quarterstaff "Gaugg" {freeze, rF- Str+2
                  | Dex+5}
  4434 | D:5      | Reached skill level 4 in Unarmed Combat
  4570 | D:5      | Reached skill level 4 in Invocations
  4686 | D:5      | Reached skill level 5 in Fighting
  4686 | D:5      | Reached skill level 6 in Dodging
  4772 | D:5      | Reached skill level 4 in Transmutations
  4815 | D:5      | Found a shimmering altar of Xom.
  4834 | D:5      | Reached XP level 8. HP: 34/37 MP: 12/12
  4838 | D:5      | Found a snail-covered altar of Cheibriados.
  4949 | D:5      | Found an opulent altar of Gozag.
  4964 | D:5      | Found a burning altar of Makhleb.
  5275 | D:5      | Found a blossoming altar of Fedhas.
  5673 | D:6      | Found a staircase to the Ecumenical Temple.
  5710 | Temple   | Entered the Ecumenical Temple
  5718 | Temple   | Reached skill level 1 in Stealth
  5798 | D:6      | Upgraded the game from 0.29-a0-495-g17b79114eb to
                  | 0.29-a0-517-gbdf32494f2
  5798 | D:6      | magus.rc [v1.11.3]
  5798 | D:6      | magus.rc [v1.11.3]
  5829 | D:6      | Reached skill level 5 in Unarmed Combat
  5910 | D:6      | Reached skill level 7 in Dodging
  5910 | D:6      | Reached skill level 2 in Stealth
  5910 | D:6      | Reached skill level 5 in Invocations
  5953 | D:6      | Found Fiump's Magic Scroll Shop.
  6051 | D:6      | Noticed Menkaure
  6085 | D:6      | HP: 6/38 [Menkaure (11)]
  6086 | D:6      | Killed Menkaure
  6087 | D:6      | Reached skill level 6 in Fighting
  6087 | D:6      | Reached skill level 3 in Stealth
  6286 | D:6      | You pick up a book of Dreams and begin reading...
  6286 | D:6      | You add the spells Ensorcelled Hibernation and Anguish to
                  | your library.
  6290 | D:6      | Learned a level 2 spell: Ensorcelled Hibernation
  6764 | D:7      | Reached skill level 1 in Hexes
  6764 | D:7      | Reached XP level 9. HP: 41/41 MP: 14/14
  6961 | D:7      | Reached skill level 4 in Stealth
  7025 | D:7      | Reached skill level 2 in Hexes
  7027 | D:7      | HP: 10/42 [centaur/arrow (10)]
  7027 | D:7      | HP: 2/42 [orc wizard/magic dart (8)]
  7198 | D:7      | Found a basalt altar of Yredelemnul.
  7198 | D:7      | Found a radiant altar of Vehumet.
  7218 | D:7      | Found a glowing golden altar of the Shining One.
  7256 | D:7      | You pick up a book of the Moon and begin reading...
  7256 | D:7      | You add the spells Passage of Golubria, Silence and
                  | Lehudib's Crystal Spear to your library.
  7317 | D:7      | Reached skill level 8 in Dodging
  7722 | D:8      | Reached skill level 6 in Unarmed Combat
  7728 | D:8      | Reached skill level 3 in Hexes
  7730 | D:8      | Reached skill level 6 in Invocations
  7731 | D:8      | magus.rc [v1.11.3]
  7865 | D:8      | Reached ***** piety under Lugonu
  7902 | D:8      | Noticed Maggie
  7916 | D:8      | Killed Maggie
  7917 | D:8      | Reached skill level 4 in Hexes
  7920 | D:8      | Noticed Maurice
  7962 | D:8      | Killed Maurice
  7963 | D:8      | Reached skill level 7 in Fighting
  7963 | D:8      | Reached skill level 5 in Stealth
  8046 | D:8      | Reached XP level 10. HP: 29/47 MP: 13/15
  8262 | D:8      | Reached skill level 5 in Hexes
  8279 | D:8      | Noticed a two-headed ogre
  8287 | D:8      | Banished a two-headed ogre
  8288 | D:8      | Reached skill level 9 in Dodging
  8539 | D:8      | Reached skill level 6 in Stealth
  8697 | D:8      | Reached skill level 7 in Unarmed Combat
  8707 | D:8      | Reached skill level 6 in Hexes
  8724 | D:8      | Reached skill level 7 in Invocations
  9249 | D:9      | Reached skill level 7 in Stealth
  9501 | D:9      | Reached skill level 8 in Fighting
  9604 | D:9      | Noticed a centaur warrior
  9604 | D:9      | Noticed a centaur warrior
  9604 | D:9      | Noticed a boulder beetle
  9665 | D:9      | Reached skill level 7 in Hexes
  9720 | D:9      | Reached skill level 10 in Dodging
  9806 | D:9      | Noticed a two-headed ogre
  9820 | D:9      | Killed a two-headed ogre
  9821 | D:9      | Reached XP level 11. HP: 51/51 MP: 5/17
  9983 | D:9      | Noticed an orc knight
 10031 | D:9      | Noticed a cyan ugly thing
 10032 | D:9      | Banished a centaur warrior
 10033 | D:9      | Reached skill level 8 in Stealth
 10036 | D:9      | Banished a cyan ugly thing
 10049 | D:9      | Banished a boulder beetle
 10050 | D:9      | Reached skill level 8 in Unarmed Combat
 10125 | D:9      | Identified the ring "Opaenan" {rF+ Str+2 Slay+2}
 10137 | D:9      | You add the spells Poisonous Vapours, Mephitic Cloud and
                  | Corpse Rot to your library.
 10137 | D:9      | Got Sif Muna's Tome of Feathers and Beguiling
 10173 | D:9      | Banished an orc knight
 10224 | D:9      | Found a stormy altar of Qazlal.
 10259 | D:9      | HP: 5/52 [freezing wraith (13)]
 10283 | D:9      | Reached skill level 8 in Hexes
 10441 | D:9      | Reached skill level 8 in Invocations
 10502 | D:10     | Entered Level 10 of the Dungeon
 10508 | D:9      | Learned a level 2 spell: Poisonous Vapours
 10532 | D:9      | Banished a centaur warrior
 10701 | D:9      | Reached skill level 1 in Poison Magic
 10704 | D:9      | Reached skill level 9 in Stealth
 11144 | D:10     | Found a staircase to the Orcish Mines.
 11208 | D:10     | Found a staircase to the Lair.
 11215 | D:10     | Reached skill level 11 in Dodging
 11233 | D:10     | Noticed Psyche
 11407 | D:9      | Reached skill level 2 in Poison Magic
 11558 | D:9      | Reached skill level 9 in Fighting
 11562 | D:9      | Killed Psyche
 11566 | D:9      | Reached skill level 9 in Hexes
 11898 | D:10     | Gained mutation: Your thick and shaggy fur keeps you warm.
                  | (AC +3, rC+) [Felid growth]
 11898 | D:10     | Reached XP level 12. HP: 57/57 MP: 16/19
 12260 | D:11     | Noticed a boulder beetle
 12268 | D:11     | Killed a boulder beetle
 12392 | D:10     | HP: 11/57 [troll (12)]
 12601 | D:11     | Reached skill level 10 in Stealth
 12601 | D:11     | Reached skill level 9 in Unarmed Combat
 12808 | D:11     | Noticed a boulder beetle
 12810 | D:11     | Banished a boulder beetle
 12811 | D:11     | Reached skill level 3 in Poison Magic
 12980 | D:11     | Noticed a six-headed hydra
 12984 | D:11     | Banished a six-headed hydra
 13189 | D:11     | HP: 10/57 [vampire mosquito (10)]
 13192 | D:11     | Reached skill level 1 in Air Magic
 13310 | D:11     | Identified the +3 shortbow "Losh" {vorpal, Will+}
 13474 | D:12     | Noticed a boulder beetle
 13493 | D:12     | Banished a boulder beetle
 13494 | D:12     | Reached skill level 10 in Hexes
 13565 | D:12     | Noticed Urug
 13586 | D:12     | Killed Urug
 13894 | D:12     | Reached skill level 12 in Dodging
 13894 | D:12     | Reached skill level 2 in Air Magic
 14403 | D:12     | Reached skill level 11 in Stealth
 14630 | D:12     | Reached skill level 10 in Fighting
 14685 | D:12     | Noticed a tengu warrior
 14799 | Lair:1   | Entered Level 1 of the Lair of Beasts
 14824 | Lair:1   | Reached skill level 3 in Air Magic
 14835 | Lair:1   | Noticed Amaemon
 14855 | Lair:1   | Noticed a four-headed hydra
 14870 | Lair:1   | Killed Amaemon
 14883 | Lair:1   | Banished a four-headed hydra
 15088 | Lair:1   | Reached skill level 10 in Unarmed Combat
 15097 | Lair:1   | HP: 12/58 [wolf (8)]
 15097 | Lair:1   | HP: 3/58 [wolf (9)]
 15103 | Lair:1   | Reached XP level 13. HP: 4/61 MP: 16/20
 15453 | Lair:1   | You pick up a book of Blasting and begin reading...
 15453 | Lair:1   | You add the spells Fulminant Prism, Iskenderun's Mystic
                  | Blast and Lee's Rapid Deconstruction to your library.
 15488 | Lair:1   | Learned a level 5 spell: Lee's Rapid Deconstruction
 15521 | Lair:1   | Reached skill level 5 in Transmutations
 15619 | Lair:1   | Noticed Harold
 15626 | Lair:1   | Killed Harold
 15627 | Lair:1   | Reached skill level 1 in Earth Magic
 15670 | Lair:1   | You pick up a book of Callings and begin reading...
 15670 | Lair:1   | You add the spells Summon Small Mammal, Call Canine
                  | Familiar and Summon Guardian Golem to your library.
 15825 | Lair:2   | Reached skill level 12 in Stealth
 15843 | Lair:2   | Reached skill level 13 in Dodging
 15887 | Lair:2   | Reached skill level 2 in Earth Magic
 15904 | Lair:2   | Found a frozen archway.
 15935 | IceCv    | Entered an ice cave
 16190 | IceCv    | HP: 7/62 [ice statue] (12)]
 16356 | IceCv    | HP: 15/62 [anaconda simulacrum (11)]
 16360 | IceCv    | Reached skill level 3 in Earth Magic
 16371 | IceCv    | HP: 15/62 [anaconda simulacrum (8)]
 16372 | IceCv    | Mangled by an anaconda simulacrum
 16373 | IceCv    | Reached XP level 12. HP: -6/59 MP: 12/19
 16411 | IceCv    | You add the spells Olgreb's Toxic Radiance, Ozocubu's
                  | Refrigeration and Ignition to your library.
 16418 | IceCv    | You pick up a book of the Hunter and begin reading...
 16485 | Lair:2   | Identified the ring of Vamuk {+Blink rPois Slay+4}
 16492 | Lair:2   | Found a runed translucent gate.
 16492 | Lair:2   | Found a runed translucent gate.
 16492 | Lair:2   | Found a runed translucent gate.
 16493 | Lair:2   | Found a viscous altar of Jiyva.
 16493 | Lair:2   | Noticed Guvu Tong's ghost (journeyman MiBe)
 16600 | Lair:2   | You pick up a book of Necromancy and begin reading...
 16600 | Lair:2   | You add the spells Necrotize, Vampiric Draining and Agony
                  | to your library.
 16601 | Lair:2   | Noticed a boulder beetle
 16602 | Lair:2   | Banished a boulder beetle
 17279 | Lair:2   | Reached skill level 4 in Earth Magic
 17482 | Lair:3   | HP: 6/59 [komodo dragon (31)]
 17862 | Lair:3   | Reached skill level 11 in Fighting
 18060 | Lair:3   | Found a hole to the Spider Nest.
 18135 | Lair:4   | Found a staircase to the Swamp.
 18279 | Lair:4   | Reached skill level 5 in Earth Magic
 18373 | Lair:4   | You pick up a book of Vapours and begin reading...
 18481 | Lair:4   | Reached XP level 13. HP: 63/63 MP: 20/20
 18526 | Lair:4   | Reached skill level 11 in Unarmed Combat
 18662 | Lair:4   | Reached skill level 14 in Dodging
 19092 | Swamp:1  | Entered Level 1 of the Swamp
 19134 | Lair:5   | HP: 14/63 [catoblepas (29)]
 19313 | Lair:5   | Found a staircase to the Slime Pits.
 19353 | Lair:5   | Reached skill level 6 in Earth Magic
 20173 | Lair:6   | Entered Level 6 of the Lair of Beasts
 20184 | Lair:6   | You pick up a book of Conjurations and begin reading...
 20184 | Lair:6   | You add the spells Magic Dart and Searing Ray to your
                  | library.
 20279 | Lair:6   | You pick up a book of Death and begin reading...
 20279 | Lair:6   | You add the spells Animate Dead, Haunt and Infestation to
                  | your library.
 20326 | Lair:5   | Slain by a cane toad
 20327 | Lair:5   | Reached XP level 12. HP: -4/60 MP: 17/19
 20327 | Lair:5   | magus.rc [v1.11.3]
 20373 | Lair:5   | Reached ****** piety under Lugonu
 20416 | Lair:5   | Reached skill level 7 in Earth Magic
 20614 | Lair:6   | Noticed a merfolk avatar
 20625 | Lair:6   | HP: 12/60 [harpy (12)]
 20626 | Lair:6   | Slain by a harpy

Vanquished Creatures
  Harold (Lair:1)
  A boulder beetle (D:11)
  2 catoblepae (Lair:5)
  2 death yaks (Lair:5)
  A two-headed ogre (D:9)
  Amaemon (Lair:1)
  A deep elf pyromancer (D:12)
  An ugly thing (D:12)
  An orc knight (D:12)
  A wolf spider (Lair:1)
  An orc sorcerer (D:12)
  8 elephants
  Maurice (D:8)
  3 black mambas
  An ice statue (IceCv)
  14 cane toads
  An orange demon (Lair:1)
  6 rime drakes
  A kobold demonologist (D:12)
  Psyche (D:9)
  Maggie (D:8)
  An unseen horror (D:10)
  2 freezing wraiths
  9 komodo dragons
  2 anaconda simulacra (IceCv)
  4 trolls
  A wind drake (Lair:6)
  5 dream sheep (Lair:3)
  A hornet (D:9)
  13 blink frogs
  3 slime creatures
  A shadow (D:10)
  A wraith (D:9)
  4 wyverns
  27 yaks
  A redback (Lair:3)
  3 vampire mosquitoes
  A death yak simulacrum (IceCv)
  4 basilisks
  A steam dragon (D:8)
  Menkaure (D:6)
  21 water moccasins
  4 acid dragons
  Pargi (Sewer)
  11 orc warriors
  5 ice beasts
  3 sky beasts
  4 black bears
  27 wolves
  2 ogres
  7 centaurs
  3 kobold brigands
  A necrophage (D:5)
  A cane toad simulacrum (IceCv)
  3 scorpions
  12 bullfrogs
  7 wights (D:9)
  5 killer bees
  An elephant simulacrum (IceCv)
  2 electric eels
  10 howler monkeys
  5 hounds
  6 jellies
  A gnoll shaman (D:6)
  An iguana (D:4)
  11 orc priests
  A polar bear simulacrum (IceCv)
  13 orc wizards
  2 wolf simulacra (IceCv)
  Robin (D:3)
  6 adders
  9 gnolls
  A river rat (D:5)
  3 shadow imps
  2 worms
  2 dart slugs (D:3)
  55 orcs
  6 endoplasms
  5 giant cockroaches
  11 goblins
  11 hobgoblins
  9 jackals
  4 quokkas
  10 ball pythons
  8 bats
  4 frilled lizards
  17 kobolds
  8 rats
477 creatures vanquished.

Vanquished Creatures (collateral kills)
  Urug (D:12)
  2 ice statues (IceCv)
3 creatures vanquished.

Vanquished Creatures (others)
  An orc wizard (D:7)
  An orc (D:10)
  70 fungi
  35 plants
107 creatures vanquished.

Grand Total: 587 creatures vanquished

Table legend:
 A = Non-vault XP
 B = Vault XP
 C = Vault XP percentage of total XP
 D = Non-vault monster count
 E = Vault monster count
 F = Vault count percentage of total count
                 A         B        C        D         E       F
            +---------+---------+-------+---------+---------+-------
      Total |   46790 |   29778 |  38.9 |     340 |     160 |  32.0
            +---------+---------+-------+---------+---------+-------
        D:1 |      49 |       0 |   0.0 |      21 |       0 |   0.0
        D:2 |     125 |      27 |  17.8 |      25 |       6 |  19.4
        D:3 |     176 |      46 |  20.7 |      24 |      17 |  41.5
        D:4 |      43 |       0 |   0.0 |       3 |       0 |   0.0
        D:5 |     992 |      39 |   3.8 |      20 |       8 |  28.6
        D:6 |     584 |     410 |  41.2 |      13 |       6 |  31.6
        D:7 |     819 |       0 |   0.0 |      15 |       0 |   0.0
        D:8 |    3298 |    1382 |  29.5 |      28 |       7 |  20.0
        D:9 |    4492 |    6680 |  59.8 |      36 |      38 |  51.4
       D:10 |    2150 |    1214 |  36.1 |      13 |      14 |  51.9
       D:11 |    3843 |       0 |   0.0 |      28 |       0 |   0.0
       D:12 |    3800 |    3536 |  48.2 |      14 |       8 |  36.4
     Temple |       0 |      42 | 100.0 |       0 |       1 | 100.0
     Lair:1 |    4222 |    3338 |  44.2 |      21 |      10 |  32.3
     Lair:2 |    3144 |    2340 |  42.7 |      10 |       9 |  47.4
     Lair:3 |    5185 |     196 |   3.6 |      19 |       1 |   5.0
     Lair:4 |    6139 |     351 |   5.4 |      19 |       1 |   5.0
     Lair:5 |    4421 |    5979 |  57.5 |      16 |      16 |  50.0
     Lair:6 |    3308 |     671 |  16.9 |      15 |       2 |  11.8
      Sewer |       0 |     237 | 100.0 |       0 |       3 | 100.0
      IceCv |       0 |    3290 | 100.0 |       0 |      13 | 100.0
            +---------+---------+-------+---------+---------+-------

Illustrated notes

Table legend:
 A = Kills in this place as a percentage of kills in entire the game.
 B = Kills by you in this place as a percentage of kills by you in the entire game.
 C = Kills by friends in this place as a percentage of kills by friends in the entire game.
 D = Other kills in this place as a percentage of other kills in the entire game.
 E = Experience gained in this place as a percentage of experience gained in the entire game.
 F = Experience gained in this place divided by the number of levels of this place that you have seen.
                   A       B       C       D       E      F
               +-------+-------+-------+-------+-------+----------------------
         Total | 100.0 | 100.0 | 100.0 | 100.0 | 100.0 | 3329.0
       Dungeon |  68.8 |  68.6 |  33.3 |  80.0 |  44.0 | 2808.8
        Temple |   0.2 |   0.2 |   0.0 |   0.0 |   0.1 |  42.0
          Lair |  27.8 |  28.5 |   0.0 |  15.0 |  51.3 | 6549.0
         Sewer |   0.6 |   0.6 |   0.0 |   0.0 |   0.3 | 237.0
      Ice Cave |   2.6 |   2.1 |  66.7 |   5.0 |   4.3 | 3290.0
               +-------+-------+-------+-------+-------+----------------------

Table legend: (Time is in decaauts)
 A = Elapsed time spent in this place.
 B = Non-inter-level travel time spent in this place.
 C = Inter-level travel time spent in this place.
 D = Time resting spent in this place.
 E = Time spent auto-exploring this place.
 F = Levels seen in this place.
 G = Mean time per level.
                   A        B        C        D        E       F      G
               +--------+--------+--------+--------+--------+-----+--------+
         Total |  17918 |  17257 |    661 |   2259 |  10050 |  23 |  779.0 |
       Dungeon |  12731 |  12250 |    481 |   1781 |   6975 |  12 | 1060.9 |
        Temple |     23 |     23 |      0 |     15 |      0 |   1 |   23.0 |
          Lair |   4505 |   4325 |    180 |    292 |   2928 |   6 |  750.8 |
         Swamp |      1 |      1 |      0 |      0 |      0 |   1 |    1.0 |
         Abyss |     11 |     11 |      0 |      0 |      0 |   1 |   11.0 |
         Sewer |    169 |    169 |      0 |      4 |    115 |   1 |  169.0 |
      Ice Cave |    475 |    475 |      0 |    165 |     31 |   1 |  475.0 |
               +--------+--------+--------+--------+--------+-----+--------+

Top non-repeatable levels by time:
     D:9: 2371 daAuts
     D:2: 1168 daAuts
    D:12: 1158 daAuts
     D:5: 1152 daAuts
     D:8: 1142 daAuts
     D:6: 1082 daAuts
  Lair:5: 969 daAuts
    D:11: 931 daAuts
     D:3: 926 daAuts
  Lair:4: 856 daAuts
  Lair:1: 856 daAuts
  Lair:3: 787 daAuts
     D:7: 773 daAuts
  Lair:2: 751 daAuts
    D:10: 735 daAuts
